Map: Blackpink LE

Players

ShoWTimE

  • Race: Protoss Protoss
  • League: Grandmaster
  • Spawn Location: 1:00

Nerchio - Winner!

  • Race: Zerg Zerg
  • League: Grandmaster
  • Spawn Location: 7:00

Event: WESG Barcelona European Finals 2017

VOD

Have the link to the VOD?

Description

Time

  • Played on: Nov. 26, 2017, 10:50 a.m.
  • Length: 12:10

All games in this series

Show
View Real Time Build Order
Export as new Build Order

ShoWTimE Protoss 

Build Orders: 1 Gate Expand, Oracle Opening, Phoenix Opening 

Get SALT Encoding   

  12  0:00  Probe  
  13  0:12  Probe  
  14  0:19  Pylon  
  14  0:24  Probe  
  15  0:37  Probe (Chrono Boost)  
  15  0:38  Assimilator  
  16  0:47  Probe (Chrono Boost)  
  16  0:48  Gateway  
  17  0:51  Probe  
  18  1:03  Probe (Chrono Boost)  
  20  1:15  Probe (Chrono Boost)  
  20  1:25  Nexus  
  20  1:35  Cybernetics Core  
  20  1:38  Probe  
  21  1:44  Assimilator  
  21  1:50  Probe  
  21  1:53  Pylon  
  22  2:02  Probe  
  23  2:12  Adept (Chrono Boost)  
  23  2:14  Probe  
  26  2:17  Stargate  
  26  2:26  Probe, Warp Gate  
  27  2:32  Adept  
  29  2:38  Probe x2  
  31  2:50  Probe x2  
  33  2:59  Adept  
  33  3:02  Probe  
  33  3:03  Probe, Oracle (Chrono Boost)  
  40  3:09  Pylon  
  40  3:14  Probe  
  40  3:15  Probe  
  42  3:26  Probe  
  45  3:27  Probe  
  45  3:29  Phoenix (Chrono Boost), Gateway  
  46  3:36  Gateway  
  46  3:39  Probe  
  46  3:40  Probe  
  48  3:49  Oracle (Chrono Boost)  
  48  3:51  Probe  
  48  3:52  Pylon  
  48  3:53  Probe  
  53  3:58  Assimilator  
  53  4:01  Assimilator  
  53  4:04  Probe (Chrono Boost)  
  54  4:10  Probe (Chrono Boost)  
  54  4:12  Pylon  
  56  4:20  Robotics Facility  
  56  4:22  Probe (Chrono Boost)  
  57  4:25  Probe x2 (Chrono Boost)  
  57  4:28  Probe  
  59  4:36  Probe  
  60  4:40  Probe  
  60  4:41  Nexus  
  60  4:43  Pylon  
  61  4:49  Probe  
  61  4:52  Probe  
  63  4:53  Pylon  
  63  5:01  Probe, Sentry x2  
  63  5:02  Sentry  
  63  5:04  Probe  
  63  5:06  Shield Battery  
  71  5:07  Observer  
  71  5:09  Shield Battery  
  71  5:12  Shield Battery  
  71  5:13  Probe  
  73  5:16  Probe  
  73  5:18  Twilight Council  
  73  5:19  Forge  
  74  5:25  Probe  
  74  5:28  Probe, Robotics Bay  
  75  5:34  Warp Prism (Chrono Boost)  
  78  5:37  Probe (Chrono Boost)  
  80  5:49  Probe (Chrono Boost)  
  81  5:50  Probe (Chrono Boost)  
  81  5:52  Probe x2 (Chrono Boost)  
  80  5:59  Protoss Ground Weapons Level 1, Gateway  
  80  6:00  Gateway  
  80  6:03  Probe, Blink  
  81  6:05  Probe  
  81  6:09  Probe  
  81  6:10  Immortal (Chrono Boost)  
  87  6:15  Probe  
  87  6:17  Probe  
  89  6:20  Zealot x3  
  89  6:21  Probe  
  95  6:26  Assimilator  
  95  6:27  Probe  
  95  6:28  Assimilator  
  96  6:38  Extended Thermal Lance  
  96  6:43  Gateway  
  96  6:46  Gateway  
  96  6:50  Gateway  
  96  6:53  Stalker x2  
  100  6:56  Pylon  
  98  7:09  Colossus (Chrono Boost)  
  98  7:13  Pylon  
  98  7:16  Forge  
  98  7:17  Stalker x3, Pylon  
  98  7:20  Stalker x2  
  100  7:28  Probe  
  101  7:41  Shield Battery  
  101  7:53  Colossus  
  101  7:56  Protoss Ground Armor Level 1 (Chrono Boost), Nexus  
  107  7:58  Pylon  
  107  8:00  Protoss Ground Weapons Level 2 (Chrono Boost), Templar Archives  
  107  8:02  Sentry x2, Pylon  
  107  8:03  Zealot x5  
  121  8:07  Photon Cannon  
  121  8:13  Pylon  
  120  8:35  Stalker x5  
  130  8:47  Nexus  
  130  8:50  Pylon  
  130  8:51  Pylon  
  130  8:56  Pylon  
  130  9:07  Colossus  
  130  9:08  Charge  
  136  9:12  High Templar x3  
  142  9:19  Photon Cannon  
  142  9:25  Zealot x5  
  142  9:29  Shield Battery  
  152  9:32  Shield Battery  
  152  9:36  Protoss Ground Armor Level 2 (Chrono Boost)  
  152  9:46  Pylon  
  152  9:50  Pylon  
  152  9:51  Pylon  
  152  9:56  Fleet Beacon  
  152  10:01  Photon Cannon  
  152  10:02  Immortal (Chrono Boost)  
  152  10:03  Photon Cannon  
  152  10:06  High Templar  
  158  10:09  Assimilator  
  158  10:12  Assimilator  
  158  10:15  Probe x3  
  158  10:16  Photon Cannon  
  161  10:24  Stargate  
  161  10:31  Immortal (Chrono Boost)  
  160  10:51  Nexus  
  160  10:52  Pylon  
  169  11:00  Observer (Chrono Boost)  
  169  11:03  Stargate  
  169  11:05  Shield Battery  
  169  11:07  Shield Battery  
  169  11:09  Shield Battery  
  169  11:10  Shield Battery  
  169  11:17  Zealot x6  
  169  11:18  Zealot x2  
  185  11:23  Immortal (Chrono Boost)  
  180  11:33  Archon x2  
  180  11:37  Zealot x3  
  180  11:38  Zealot x5  
  111  11:55  Pylon  
  111  11:56  Pylon  
  111  11:57  Stalker  
  111  11:58  Stalker x4  
  103  12:03  Stalker  
Show
View Real Time Build Order
Export as new Build Order

Nerchio Zerg - Winner!

Build Orders: Hatch First 

Get SALT Encoding   

  12  0:00  Drone  
  13  0:12  Overlord  
  13  0:17  Drone  
  14  0:30  Drone x2  
  14  0:34  Drone  
  17  0:52  Hatchery  
  17  0:55  Drone  
  17  0:58  Drone  
  17  0:59  Extractor  
  17  1:14  Spawning Pool  
  17  1:18  Drone  
  17  1:21  Drone  
  18  1:27  Drone  
  19  1:38  Overlord  
  19  1:49  Drone  
  20  2:01  Metabolic Boost, Queen  
  20  2:04  Queen  
  20  2:08  Zergling x2  
  25  2:11  Zergling x2  
  25  2:14  Drone  
  27  2:16  Drone  
  27  2:21  Drone  
  29  2:25  Drone  
  30  2:32  Drone  
  31  2:43  Hatchery  
  30  2:44  Drone  
  30  2:46  Drone  
  32  2:51  Overlord  
  32  2:59  Queen  
  32  3:02  Zergling x2  
  32  3:04  Zergling x2  
  36  3:11  Spore Crawler, Zergling x2  
  36  3:12  Drone x2  
  38  3:16  Drone  
  38  3:17  Drone  
  40  3:20  Drone  
  40  3:22  Drone  
  40  3:24  Drone  
  43  3:28  Spore Crawler  
  43  3:31  Overlord  
  42  3:37  Drone x2  
  44  3:49  Queen  
  44  3:50  Drone x4  
  44  3:52  Overlord  
  50  3:56  Overlord  
  50  3:58  Drone  
  50  3:59  Drone  
  52  4:05  Baneling Nest  
  52  4:06  Overlord  
  51  4:12  Drone x2  
  51  4:13  Drone  
  51  4:14  Drone  
  55  4:18  Spore Crawler  
  55  4:22  Spore Crawler, Drone x2  
  55  4:24  Drone  
  56  4:25  Drone  
  56  4:28  Drone  
  56  4:29  Drone  
  58  4:32  Evolution Chamber  
  58  4:34  Drone x2  
  57  4:40  Drone x2  
  57  4:41  Drone x2  
  57  4:44  Overlord  
  61  4:47  Drone  
  61  4:48  Drone  
  61  4:50  Overlord  
  63  4:56  Lair  
  63  4:57  Drone  
  64  5:00  Drone  
  64  5:01  Zerg Melee Weapons Level 1  
  64  5:04  Extractor, Drone  
  64  5:05  Extractor, Drone  
  64  5:06  Drone  
  66  5:09  Drone x2  
  66  5:11  Drone x2  
  70  5:14  Drone  
  70  5:15  Drone x3  
  70  5:18  Drone x2  
  70  5:19  Extractor  
  70  5:20  Drone  
  76  5:24  Drone x2  
  76  5:25  Drone  
  76  5:26  Evolution Chamber  
  78  5:31  Extractor  
  78  5:32  Overlord  
  77  5:36  Hatchery  
  77  5:39  Pneumatized Carapace  
  76  5:43  Zergling x10  
  76  5:49  Drone x2  
  81  5:50  Overlord  
  81  5:53  Drone x3  
  81  5:54  Overlord  
  84  5:57  Zerg Ground Armor Level 1  
  84  6:05  Infestation Pit  
  84  6:09  Overlord x2  
  83  6:15  Centrifical Hooks  
  83  6:24  Zergling x2  
  83  6:25  Zergling x18  
  93  6:27  Overlord  
  93  6:28  Drone x4  
  97  6:38  Baneling x2  
  97  6:41  Hive  
  97  6:42  Zergling x2  
  97  6:43  Overlord, Zergling x6  
  97  6:45  Drone  
  97  6:46  Queen  
  104  6:48  Overlord  
  104  6:56  Drone  
  104  6:57  Drone x2  
  104  6:58  Overlord  
  107  7:04  Zergling x6  
  107  7:05  Zergling x6  
  107  7:06  Zergling x2  
  107  7:07  Zergling x4  
  111  7:09  Zergling x2  
  111  7:15  Zerg Melee Weapons Level 2  
  105  7:16  Zergling x2  
  105  7:17  Zergling x4  
  105  7:21  Zergling x2  
  105  7:26  Extractor  
  105  7:28  Zergling x8  
  105  7:29  Overlord  
  108  7:33  Hatchery  
  108  7:34  Drone  
  108  7:35  Drone  
  107  7:39  Drone x2  
  107  7:41  Overlord  
  107  7:43  Baneling x3  
  108  7:51  Drone x3  
  108  7:52  Overlord  
  108  7:56  Ultralisk Cavern, Adrenal Glands  
  108  7:58  Zergling x10  
  108  7:59  Zergling x8  
  108  8:01  Overlord  
  116  8:06  Drone  
  116  8:07  Overlord  
  117  8:15  Overlord  
  114  8:31  Overlord  
  114  8:32  Overlord  
  113  8:35  Zerg Ground Armor Level 2  
  113  8:40  Overlord  
  113  8:41  Drone x2  
  114  8:43  Extractor  
  114  8:45  Infestor  
  114  8:46  Chitinous Plating  
  114  8:47  Ultralisk x3  
  133  8:51  Ultralisk  
  133  8:52  Hatchery  
  138  8:59  Drone x2  
  138  9:00  Drone  
  138  9:01  Extractor  
  137  9:09  Ultralisk  
  142  9:15  Overlord  
  142  9:18  Baneling x3  
  142  9:19  Baneling  
  142  9:26  Drone x2  
  142  9:30  Ultralisk  
  150  9:34  Zergling x14  
  150  9:35  Zergling x24  
  165  9:40  Ultralisk  
  171  9:47  Spore Crawler  
  171  9:52  Overseer  
  170  9:56  Spore Crawler  
  169  10:02  Ultralisk  
  169  10:06  Ultralisk  
  181  10:09  Spore Crawler  
  180  10:14  Ultralisk  
  180  10:16  Zergling x2  
  180  10:17  Zergling x26  
  180  10:19  Overlord  
  200  10:22  Extractor  
  200  10:28  Drone x2  
  197  10:43  Baneling  
  197  10:44  Drone x3, Baneling x23  
  197  10:45  Baneling x3  
  198  11:14  Baneling  
  198  11:15  Baneling x16  
  198  11:19  Zergling x2  
  192  11:35  Zergling x2  
  192  11:36  Zergling x40  
  195  11:45  Zergling x16  
Tags
 
Add a new tag
Caveats
  • Supply blocks, unpowered buildings, or Contaminate may cause inaccurate times.
  • Supply counts are checked every 10 seconds.